 Dungeon Crawl Stone Soup version 0.27.0-1-g7a089689b8 (webtiles) character file.

Game seed: 13771299075967399241

62807 bearlyready the Fighter (level 15, -10/130 HPs)
             Began as a Djinni Conjurer on Aug 8, 2021.
             Was a High Priest of Ashenzari.
             Killed by an exploding ball lightning (35 damage)
             ... on level 1 of the Orcish Mines on Aug 9, 2021.
             The game lasted 01:11:59 (19483 turns).

bearlyready the Fighter (Djinni Conjurer)          Turns: 19483, Time: 01:11:59

Health: -10/130    AC: 12    Str:  6    XL:     15   Next: 47%
Gold:   1556       EV: 23    Int: 24    God:    Ashenzari [*****.] SH:  6 Dex: 14

rFire    + + .     SeeInvis +   d - +2 hand axe "Prescient Restlessness" {elec, Melee, Range} (curse)
rCold    x . .     Faith    .   w - +0 buckler "Ruined With Me" {Range, Self} (curse)
rNeg     . . .     Spirit   .   Q - +0 troll leather armour of Ashenzari's Stickiness {Regen+, Self, Fort} (curse)
rPois    ∞         Reflect  .   U - +2 hat of the Eye in the Sky {Cun, Self} (curse)
rElec    .         Harm     .   (no cloak)
rCorr    .         Rampage  .   n - +0 pair of gloves "Gnosis of the Sphere" {Cun, Self} (curse)
Will     +....     Clarity  +   (boots unavailable)
Stlth    ++++......             F - amulet of Ashenzari's Moon {Regen+, Evo, Cun} (curse)
HPRegen  2.31/turn              K - ring "Submission of Ashenzari" {AC+4, Melee, Evo} (curse)
MPRegen  0.00/turn              x - ring "At What Cost Knowledge?" {EV+4, Self, Melee} (curse)

@: flying
A: sickness immunity, fire resistance 2, cold vulnerability 1, float, innate
caster, hp casting, extra vitality 1
a: Renounce Religion, Curse Item, Shatter the Chains


You were on level 1 of the Orcish Mines.
You worshipped Ashenzari.
Ashenzari was extremely pleased with you.
You visited 4 branches of the dungeon, and saw 21 of its levels.
You also visited: Sewer and Volcano.

You collected 1556 gold pieces.

Inventory:

Hand Weapons
 d - the cursed +2 hand axe "Prescient Restlessness" (weapon) {elec, Melee, Range}
   (You found it on level 1 of the Dungeon)

   It occasionally discharges a powerful burst of electricity upon striking a
   foe.
   It has a curse which improves the following skills: Melee Combat: Short
   Blades, Long Blades, Axes, Maces & Flails, Polearms, Staves and Unarmed
   Combat.
   Ranged Combat: Slings, Bows, Crossbows and Throwing.
 y - a +2 vorpal hand axe
 M - a +5 long sword
Missiles
 k - 15 curare-tipped darts
 l - 33 poisoned darts
 m - 8 datura-tipped darts
 o - 2 atropa-tipped darts
 p - 7 javelins
 D - 8 boomerangs (quivered)
 H - 2 boomerangs of dispersal
 N - 3 throwing nets
Armour
 b - +0 fire dragon scales
 n - the cursed +0 pair of gloves "Gnosis of the Sphere" (worn) {Cun, Self}
   (You found it in a sewer)

   It has a curse which improves the following skills: Cunning: Dodging and
   Stealth.
   Introspection: Fighting and Spellcasting.
 w - the cursed +0 buckler "Ruined With Me" (worn) {Range, Self}
   (You found it on level 4 of the Dungeon)

   It has a curse which improves the following skills: Ranged Combat: Slings,
   Bows, Crossbows and Throwing.
   Introspection: Fighting and Spellcasting.
 Q - the cursed +0 troll leather armour of Ashenzari's Stickiness (worn) {Regen+, Self, Fort}
   (You found it on level 11 of the Dungeon)

   Regen:     It increases your rate of health regeneration.
   It has a curse which improves the following skills: Introspection: Fighting
   and Spellcasting.
   Fortitude: Armour and Shields.
 U - the cursed +2 hat of the Eye in the Sky (worn) {Cun, Self}
   (You took it off Gastronok on level 11 of the Dungeon)

   It has a curse which improves the following skills: Cunning: Dodging and
   Stealth.
   Introspection: Fighting and Spellcasting.
Jewellery
 x - the cursed ring "At What Cost Knowledge?" (right hand) {EV+4, Self, Melee}
   (You found it on level 1 of the Lair of Beasts)

   [ring of evasion]

   EV:        It affects your evasion (+4).
   It has a curse which improves the following skills: Introspection: Fighting
   and Spellcasting.
   Melee Combat: Short Blades, Long Blades, Axes, Maces & Flails, Polearms,
   Staves and Unarmed Combat.
 F - the cursed amulet of Ashenzari's Moon (around neck) {Regen+, Evo, Cun}
   (You found it on level 6 of the Dungeon)

   [amulet of regeneration]

   Regen:     It increases your rate of health regeneration.
   It has a curse which improves the following skills: Evocations: Evocations.
   Cunning:   Dodging and Stealth.
 G - a +6 ring of intelligence
 K - the cursed ring "Submission of Ashenzari" (left hand) {AC+4, Melee, Evo}
   (You found it on level 7 of the Dungeon)

   [ring of protection]

   AC:        It affects your AC (+4).
   It has a curse which improves the following skills: Melee Combat: Short
   Blades, Long Blades, Axes, Maces & Flails, Polearms, Staves and Unarmed
   Combat.
   Evocations: Evocations.
 L - a ring of resist corrosion
 Z - a ring of fire
Wands
 a - a wand of acid (16)
 c - a wand of polymorph (24)
 q - a wand of charming (15)
 s - a wand of iceblast (25)
 A - a wand of paralysis (3)
 C - a wand of digging (4)
 J - a wand of flame (76)
 V - a wand of mindburst (31)
Scrolls
 e - 12 scrolls of identify
 f - a scroll of silence
 g - 4 scrolls of vulnerability
 h - 4 scrolls of fog
 r - a scroll of summoning
 t - 11 scrolls of teleportation
 u - 3 scrolls of enchant weapon
 B - 5 scrolls of magic mapping
 I - 2 scrolls of blinking
 P - a scroll of holy word
Potions
 i - a potion of heal wounds
 j - 11 potions of flight
 v - 6 potions of mutation
 z - 5 potions of curing
 E - 2 potions of might
 O - 5 potions of lignification
 R - 4 potions of haste
 S - 2 potions of invisibility
 T - a potion of berserk rage
 W - 4 potions of brilliance
 X - 7 potions of ambrosia
 Y - 2 potions of resistance


   Skills:
 + Level 13.4(20.2) Fighting
 - Level 4.6(8.5) Throwing
 - Level 5.1(7.7) Armour
 + Level 12.9(17.7) Dodging
 - Level 6.0(11.1) Stealth
 - Level 5.5(8.2) Shields
 + Level 11.3(18.2) Spellcasting
 - Level 6.1(10.1) Evocations


You had 10 spell levels left.
You knew the following spells:

 Your Spells              Type           Power      Damage    Failure   Level
a - Magic Dart            Conj           100%       1d8       0%          1
b - Searing Ray           Conj           100%       3d7       0%          2
c - Dazzling Flash        Conj/Hex       100%       N/A       0%          3
d - Fulminant Prism       Conj/Hex       41%        3d20      1%          4
e - Iskenderun's Mystic   Conj/Tloc      83%        2d16      1%          4
f - Corona                Hex            92%        N/A       0%          1
g - Slow                  Hex            83%        N/A       0%          2
h - Frozen Ramparts       Ice            100%       1d12      0%          3
i - Conjure Ball Lightni  Conj/Air       41%        3x3d13    1%          6
j - Borgnjor's Vile Clut  Necr/Erth      41%        N/A       1%          5
k - Lee's Rapid Deconstr  Erth           41%        3d21*     1%          5
r - Ice Form              Ice/Tmut       83%        N/A       1%          4
Your spell library was empty.

Dungeon Overview and Level Annotations

Branches:
Dungeon (13/15)            Temple (1/1) D:5            Lair (6/6) D:11
  Swamp (0/4) Lair:3        Snake (0/4) Lair:3        Slime (0/5) Lair:5
    Orc (1/2) D:12         Vaults (0/5) D:13          Sewer (visited)
Volcano (visited)

Altars:
Ashenzari
Fedhas
Hepliaklqana
Makhleb
Nemelex Xobeh
Okawaru
Ru
Sif Muna
Vehumet
Wu Jian
Xom
Zin
Jiyva

Shops:
D:4 (   D:9 :

Portals:
Trove: D:12 (give +4 demon blade)

Annotations:
D:5 1 runed translucent door, JackMcBride's ghost, novice MiFi
Lair:1 2 transporters, boopsy's ghost, journeyman DjWn
Lair:3 exclusion: 2 oklob plants
Lair:6 1 runed translucent door, Wostir's ghost, journeyman TeMo


Innate Abilities, Weirdness & Mutations

You are immune to sickness and miasma.
You are immune to poison.
Your flesh is very heat resistant. (rF++)
You are vulnerable to cold. (rC-)
You float through the air rather than walking.
You learn spells naturally, not from books.
Your magical power is your life essence.
You have superior vitality. (+4 HP)


Message History

Casting: Borgnjor's Vile Clutch (safe; 1% risk of failure)
Confirm with . or Enter, or press ? or * to list all spells.
You create some ball lightning! 3 ball lightnings come into view.
The zombie hands constrict the orc knight!
The zombie hands constrict the orc sorcerer!
The zombie hands release their grip on the orc knight.
The troll barely misses your ball lightning.
The troll claws your ball lightning. The troll claws your ball lightning!
Your ball lightning explodes!
The blast of lightning engulfs the troll!!
The troll is heavily wounded.
The blast of lightning engulfs your ball lightning.
Your ball lightning completely resists.
The blast of lightning engulfs the sixfirhy.
The sixfirhy completely resists.
The blast of lightning engulfs you! The sixfirhy hits your ball lightning!
Your ball lightning explodes!
The blast of lightning engulfs the sixfirhy.
The sixfirhy completely resists.
The blast of lightning engulfs you!!
* * * LOW HITPOINT WARNING * * *
The blast of lightning engulfs the troll!!
You kill the troll!
The blast of lightning engulfs your ball lightning.
Your ball lightning completely resists.
The orc knight roars a battlecry!
The orc sorcerer gestures at you while chanting.
You easily resist.
You hear a shout! x3
Your frozen ramparts will break if you move.
Continue?
The frozen ramparts melt away as you move.
The zombie hands constrict the orc sorcerer!
The sixfirhy misses you. The sixfirhy hits you.
* * * LOW HITPOINT WARNING * * *
The sixfirhy shocks you!
* * * LOW HITPOINT WARNING * * *
Your ball lightning explodes!
The blast of lightning engulfs the sixfirhy.
The sixfirhy completely resists.
The blast of lightning engulfs you!!
You die...

, #.#....$.......#.
,,, , ,
.......#..o...... ,
,,,
..........o....##,***
,,,
.........o......#**
,*, ...............$#
, .......<..)))..## ,
...........#)).## ,,
........).))3$###
,,,.......#....@)###
, ..$.........).### *
,.......#..##.#### *
* ,.$.#....######## ,
,, ,, ........ * **,
* , ,, , *, ...... *
,∆ ,,, * ** * ......
*,,, , ,, , * #.. *,*
, * ,** ,, ,


You could see an orc knight, a sixfirhy (summoned), an orc sorcerer (strong,
clutched) and an orc (strong).

Vanquished Creatures
  Gastronok (D:11)
  The ghost of quinnr the Nimble, a journeyman DEAE of Gozag (Lair:5)
  A fire dragon (Lair:6)
  An ettin (Orc:1)
  8 hydras
  2 boulder beetles
  A catoblepas (Lair:4)
  3 death yaks
  5 centaur warriors
  A two-headed ogre (D:10)
  2 skeletal warriors (Volcano)
  An anaconda skeleton (Volcano)
  2 lindwurms
  Pikel (D:8)
  A deep elf pyromancer (D:13)
  A cyclops (D:11)
  4 elephants (Lair:4)
  A guardian serpent (D:10)
  Joseph (D:8)
  3 gargoyles (Volcano)
  2 molten gargoyles (Lair:6)
  13 black mambas
  6 cane toads
  2 unseen horrors
  2 rime drakes
  17 komodo dragons
  A queen bee (Lair:4)
  3 meliai (Lair:4)
  9 trolls
  Prince Ribbit (Lair:1)
  3 polar bears
  A hornet (D:10)
  3 slime creatures (D:12)
  4 dream sheep (Lair:3)
  6 blink frogs
  3 flying skulls (Volcano)
  A tyrant leech (Lair:3)
  Sigmund (D:5)
  2 alligator skeletons (Volcano)
  2 wraiths
  A shadow (D:11)
  5 wyverns
  2 vampires
  35 yaks
  A fire elemental (Lair:3)
  Grum (D:11)
  6 vampire mosquitoes
  4 steam dragons
  7 basilisks
  A warg (Orc:1)
  2 acid dragons
  2 swamp worms (Lair:3)
  12 water moccasins
  3 hell hounds (Lair:6)
  10 orc warriors
  4 ice beasts
  A black bear (shapeshifter) (D:13)
  3 ogres
  20 wolves
  3 black bears
  A necrophage (D:6)
  9 centaurs
  A kobold brigand (D:10)
  3 lemures (D:8)
  15 bullfrogs
  Blork the orc (D:5)
  4 scorpions
  2 gnoll sergeants
  A spriggan skeleton (Volcano)
  30 killer bees
  4 wights (D:9)
  An electric eel (Lair:3)
  A howler monkey (D:9)
  5 lava snakes (Lair:6)
  A centaur skeleton (D:6)
  2 hounds
  3 jellies
  3 centaur zombies
  3 orc priests
  14 orc wizards
  Natasha (twice) (D:4)
  5 iguanas
  7 hell rats (Lair:1)
  A naga skeleton (Volcano)
  2 hound skeletons
  8 gnolls
  14 adders
  12 river rats (Lair:1)
  A shadow imp (D:7)
  An ufetubus (D:6)
  9 worms
  A dart slug (D:1)
  59 orcs
  10 ball pythons
  12 endoplasms
  3 giant cockroaches
  8 goblins
  8 hobgoblins
  11 jackals
  13 quokkas
  16 bats
  6 frilled lizards
  10 kobolds
  13 rats
582 creatures vanquished.

Vanquished Creatures (others)
  6 ball lightnings
  52 fulminant prisms
  12 fungi
  17 plants
87 creatures vanquished.

Grand Total: 669 creatures vanquished

Notes
Turn   | Place    | Note
-------+----------+-------------------------------------------
     0 | D:1      | bearlyready the Djinni Conjurer began the quest for the
                  | Orb.
     0 | D:1      | Reached XP level 1. HP: 15/15 MP: 0/0
   446 | D:1      | Reached XP level 2. HP: 21/21 MP: 0/0
   839 | D:1      | Reached XP level 3. HP: 21/26 MP: 0/0
   839 | D:1      | Learned a level 1 spell: Corona
   975 | D:1      | Reached skill level 1 in Fighting
  1532 | D:2      | Found a faded altar of an unknown god.
  1761 | D:2      | Reached XP level 4. HP: 16/32 MP: 0/0
  2335 | D:2      | Reached skill level 2 in Fighting
  3335 | D:3      | Reached XP level 5. HP: 23/39 MP: 0/0
  3335 | D:3      | Learned a level 2 spell: Slow
  3601 | D:3      | Found a glowing drain.
  3612 | Sewer    | Entered a sewer
  4325 | Sewer    | Reached XP level 6. HP: 45/45 MP: 0/0
  4537 | D:3      | Noticed an ogre
  4544 | D:3      | Killed an ogre
  4545 | D:3      | Reached skill level 3 in Fighting
  4545 | D:3      | Reached skill level 1 in Throwing
  4809 | D:4      | Noticed a water moccasin
  5269 | D:4      | Reached XP level 7. HP: 41/50 MP: 0/0
  5269 | D:4      | Learned a level 3 spell: Frozen Ramparts
  5362 | D:4      | Killed a water moccasin
  5469 | D:4      | Found Kyreklan's Weapon Boutique.
  5980 | D:4      | Noticed Natasha
  5986 | D:4      | Killed Natasha
  6089 | D:4      | Noticed Natasha
  6092 | D:4      | Killed Natasha
  6093 | D:4      | Reached skill level 4 in Fighting
  6093 | D:4      | Reached skill level 5 in Spellcasting
  6282 | D:5      | Entered Level 5 of the Dungeon
  6321 | D:5      | Reached skill level 1 in Shields
  6472 | D:5      | Reached XP level 8. HP: 55/58 MP: 0/0
  6479 | D:5      | Noticed a yak
  6480 | D:5      | Noticed a yak
  6482 | D:5      | Noticed a yak
  6485 | D:5      | Noticed a yak
  6486 | D:5      | Killed a yak
  6486 | D:5      | Killed a yak
  6490 | D:5      | Killed a yak
  6493 | D:5      | Killed a yak
  6494 | D:5      | Reached skill level 5 in Fighting
  6650 | D:5      | Found a runed translucent door.
  6650 | D:5      | Noticed JackMcBride's ghost (novice MiFi)
  6695 | D:5      | Reached XP level 9. HP: 35/65 MP: 0/0
  6695 | D:5      | Learned a level 4 spell: Ice Form
  7101 | D:5      | Found a staircase to the Ecumenical Temple.
  7137 | Temple   | Entered the Ecumenical Temple
  7158 | Temple   | Became a worshipper of Ashenzari the Shackled
  7184 | D:5      | Noticed a troll
  7192 | D:5      | Killed a troll
  7251 | D:5      | Noticed Blork the orc
  7256 | D:5      | Killed Blork the orc
  7512 | D:5      | Reached skill level 5 in Stealth
  7600 | D:5      | Reached skill level 6 in Fighting
  7691 | D:5      | Noticed Sigmund
  7696 | D:5      | Killed Sigmund
  8680 | D:7      | Reached XP level 10. HP: 72/75 MP: 0/0
  8785 | D:7      | Reached skill level 7 in Fighting
  9382 | D:7      | Reached * piety under Ashenzari
 10205 | D:8      | Reached ** piety under Ashenzari
 10253 | D:8      | Noticed Joseph
 10296 | D:8      | Noticed Pikel
 10302 | D:8      | Killed Pikel
 10462 | D:9      | Found an ornate altar of the Wu Jian Council.
 10573 | D:9      | Found Nod Axkostre's Book Shoppe.
 10936 | D:9      | Noticed a centaur warrior
 10954 | D:9      | Killed a centaur warrior
 10955 | D:9      | Reached skill level 8 in Fighting
 11025 | D:9      | Reached skill level 5 in Dodging
 11025 | D:9      | Reached XP level 11. HP: 86/86 MP: 0/0
 11025 | D:9      | Learned a level 5 spell: Borgnjor's Vile Clutch
 11181 | D:9      | Reached *** piety under Ashenzari
 11403 | D:10     | Entered Level 10 of the Dungeon
 11412 | D:10     | Reached skill level 1 in Evocations
 11637 | D:10     | Noticed a two-headed ogre
 11647 | D:10     | Killed a two-headed ogre
 11737 | D:10     | Reached skill level 9 in Fighting
 11983 | D:8      | Killed Joseph
 12387 | D:11     | Found a staircase to the Lair.
 12434 | D:11     | Noticed Grum
 12440 | D:11     | Killed Grum
 12447 | D:11     | Noticed a cyclops
 12452 | D:11     | Killed a cyclops
 12453 | D:11     | Reached XP level 12. HP: 59/98 MP: 0/0
 12634 | D:11     | Noticed Gastronok
 12648 | D:11     | Killed Gastronok
 12649 | D:11     | Reached skill level 1 in Armour
 12689 | D:11     | Identified the cursed +2 hand axe "Prescient Restlessness"
                  | {elec, Melee, Range} (You found it on level 1 of the
                  | Dungeon)
 12689 | D:11     | Identified the cursed +0 pair of gloves "Gnosis of the
                  | Sphere" {Cun, Self} (You found it in a sewer)
 12689 | D:11     | Identified the cursed +0 buckler "Ruined With Me" {Range,
                  | Self} (You found it on level 4 of the Dungeon)
 12898 | D:11     | Reached **** piety under Ashenzari
 13136 | D:12     | Noticed a boulder beetle
 13144 | D:12     | Killed a boulder beetle
 13209 | D:12     | Found a portal to a secret trove of treasure.
 13293 | D:12     | Reached skill level 5 in Shields
 13572 | D:12     | Reached ***** piety under Ashenzari
 13798 | D:12     | Reached skill level 10 in Fighting
 13814 | D:12     | Reached skill level 5 in Evocations
 13848 | D:12     | Found a staircase to the Orcish Mines.
 14036 | D:13     | Noticed a centaur warrior
 14047 | D:13     | Killed a centaur warrior
 14073 | D:13     | Noticed a centaur warrior
 14084 | D:13     | Killed a centaur warrior
 14088 | D:13     | Identified the +10 lajatang of the Ancient Spirits {vamp,
                  | rElec rC+ Str-3 Dex+4}
 14101 | D:13     | Noticed a rakshasa
 14111 | D:13     | Noticed a centaur warrior
 14118 | D:13     | Killed a centaur warrior
 14119 | D:13     | Reached XP level 13. HP: 94/110 MP: 0/0
 14119 | D:13     | Learned a level 5 spell: Lee's Rapid Deconstruction
 14163 | D:13     | Found a gate to the Vaults.
 14163 | D:13     | Noticed an ironbound preserver
 14173 | D:13     | Noticed a centaur warrior
 14182 | D:13     | Killed a centaur warrior
 14184 | D:13     | Noticed a centaur warrior
 14305 | Lair:1   | Entered Level 1 of the Lair of Beasts
 14320 | Lair:1   | Noticed Prince Ribbit
 14329 | Lair:1   | Killed Prince Ribbit
 14365 | Lair:1   | Found a transporter.
 14368 | Lair:1   | Found a transporter.
 14369 | Lair:1   | Noticed boopsy's ghost (journeyman DjWn)
 15281 | Lair:2   | Identified the cursed +2 hat of the Eye in the Sky {Cun,
                  | Self} (You took it off Gastronok on level 11 of the
                  | Dungeon)
 15281 | Lair:2   | Identified the cursed +0 troll leather armour of
                  | Ashenzari's Stickiness {Regen+, Self, Fort} (You found it
                  | on level 11 of the Dungeon)
 15369 | Lair:2   | Reached skill level 5 in Armour
 15621 | Lair:2   | Noticed a five-headed hydra
 15630 | Lair:2   | Killed a five-headed hydra
 15750 | Lair:2   | Reached skill level 11 in Fighting
 15889 | Lair:3   | Found a dark tunnel.
 15907 | Volcano  | Entered a volcano
 16156 | Volcano  | Reached skill level 10 in Dodging
 16367 | Lair:3   | Noticed a four-headed hydra
 16375 | Lair:3   | Reached XP level 14. HP: 118/121 MP: 0/0
 16414 | Lair:3   | Found a sacrificial altar of Ru.
 16518 | Lair:3   | Found a staircase to the Swamp.
 16527 | Lair:3   | Reached skill level 10 in Spellcasting
 16685 | Lair:3   | Found a staircase to the Snake Pit.
 17034 | Lair:3   | Found a blossoming altar of Fedhas.
 17170 | Lair:4   | Reached skill level 12 in Fighting
 17785 | Lair:5   | Found a runed translucent door.
 17788 | Lair:5   | Identified the +4 dagger of Ipluboh {speed, Will+ rCorr
                  | Dex+2}
 17799 | Lair:5   | Noticed quinnr's ghost (journeyman DEAE)
 17818 | Lair:5   | Killed quinnr's ghost
 17999 | Lair:5   | Found a staircase to the Slime Pits.
 17999 | Lair:5   | Found a viscous altar of Jiyva.
 18298 | Lair:6   | Entered Level 6 of the Lair of Beasts
 18298 | Lair:6   | Found a runed translucent door.
 18512 | Lair:6   | Reached XP level 15. HP: 125/130 MP: 0/0
 18512 | Lair:6   | Learned a level 6 spell: Conjure Ball Lightning
 18617 | Lair:6   | Found a shimmering altar of Xom.
 18617 | Lair:6   | Noticed Wostir's ghost (journeyman TeMo)
 18878 | Lair:6   | Reached skill level 13 in Fighting
 19072 | Lair:6   | Found a large runed translucent door.
 19077 | Lair:6   | Found a large runed translucent door.
 19429 | Orc:1    | Entered Level 1 of the Orcish Mines
 19483 | Orc:1    | Killed by an exploding ball lightning

Illustrated notes

Levels and vault maps discovered:
D:1:      sevenhm_arrival_forest_fort_small_4, layout_loops_ring,
          minmay_tetromino_t2
D:2:      layout_loops_ring, hellmonk_ecumenical_altar_slurped_away, minivault_5
D:3:      layout_basic, portal_sewer_entry_d
D:4:      layout_loops_cross, serial_shops,
          nicolae_shop_competitors_out_of_business, uniq_natasha
D:5:      layout_basic, minmay_temple_entry_slanted, gammafunk_ghost_grave,
          kennysheep_cross_bottleneck, kennysheep_cluttered_room,
          grunt_decor_arrowhead, uniq_sigmund, uniq_blork_the_orc
D:6:      layout_rooms
D:7:      layout_loops_corners, st_stairs_12, grunt_ministairs_1, minivault_1,
          minmay_hedge_maze, chequers_mini_garden, nicolae_underground_beach
D:8:      layout_basic, uniq_maurice, uniq_pikel, uniq_joseph
D:9:      layout_basic, old_standard_altar, marbit_many_paths, serial_shops,
          shop_statue
D:10:     layout_rooms, minmay_misc_feat_tiny
D:11:     layout_loops_cross, lair_entry_dummy, nrook_guardian_serpent_ordinary,
          uniq_gastronok, uniq_grum
D:12:     layout_loops_corners, david_orc_4, nicolae_trove_entry_isolated
D:13:     layout_roguey, skrybe_vaults_entry_preservation, serial_shops, shop,
          minmay_hollow_rounded_squares
Temple:   regret_index_temple_chain_breaker
Lair:1:   lemuel_ratsnest, layout_gridlike, gammafunk_ghost_hive,
          uniq_prince_ribbit2
Lair:2:   layout_cave_pods, st_stairs_3
Lair:3:   layout_gridlike, minmay_swamp_entry_worms, basic_altar,
          lightli_volcano_entry_magma_tube, hangedman_tree_tricks,
          cheibrodos_lair_reptile_den
Lair:4:   layout_misc_corridors, special_room [special_room_bee], st_stairs_11,
          minmay_holes
Lair:5:   layout_misc_corridors, slime_altar_1, ebering_ghost_inner_flame,
          chequers_serial_rivers_micro_a, lemuel_fruit_tree
Lair:6:   cheibrodos_lair_end_hotspot, layout_long_grid, ebering_ghost_xom
Orc:1:    layout_caves, basic_altar

Skill      XL: |  1  2  3  4  5  6  7  8  9 10 11 12 13 14 15 |
---------------+----------------------------------------------+-----
Fighting       | 1 2 3 4 5 6 8 9 10 11 12 13 | 13.4
Spellcasting   | 4 5 6 7 8 9 10 11 | 11.3
Throwing       | 1 2 4 |  4.6
Stealth        | 2 3 4 5 6 |  6.0
Shields        | 1 3 4 5 |  5.5
Dodging        | 5 7 8 10 12 | 12.9
Evocations     | 4 5 6 |  6.1
Armour         | 3 5 |  5.1

Action                   |  1- 3 |  4- 6 |  7- 9 | 10-12 | 13-15 || total
-------------------------+-------+-------+-------+-------+-------++-------
Melee: Unarmed           |    12 |       |       |     8 |     7 ||    27
       Hand axe          |    74 |   153 |    71 |   164 |   500 ||   962
Throw: Dart              |       |     6 |    12 |    30 |     4 ||    52
       Boomerang         |       |       |       |     2 |    28 ||    30
       Throwing net      |       |       |       |     2 |       ||     2
 Cast: Magic Dart        |     4 |       |     1 |       |       ||     5
       Searing Ray       |     1 |    13 |    17 |    39 |     8 ||    78
       Fulminant Prism   |       |     4 |    10 |    23 |    15 ||    52
       Frozen Ramparts   |       |       |    11 |    29 |    55 ||    95
       Corona            |       |       |     2 |       |     1 ||     3
       Borgnjor's Vile C |       |       |       |    12 |    75 ||    87
       Ice Form          |       |       |       |     1 |     1 ||     2
       Lee's Rapid Decon |       |       |       |       |     4 ||     4
       Conjure Ball Ligh |       |       |       |       |     2 ||     2
Invok: Curse Item        |       |       |     1 |     6 |     2 ||     9
       Shatter the Chain |       |       |       |       |     1 ||     1
Evoke: Wand              |       |       |       |       |     4 ||     4
  Use: Scroll            |       |     3 |       |     4 |     3 ||    10
       Potion            |       |     1 |     1 |       |     1 ||     3
 Stab: Sleeping          |     1 |     6 |     2 |     4 |    10 ||    23
       Distracted        |       |       |       |     1 |     2 ||     3
Armor: Robe              |    18 |    31 |    16 |    24 |       ||    89
       Troll leather arm |       |       |       |    34 |   133 ||   167
       Skin              |       |       |       |       |     4 ||     4
Dodge: Dodged            |    57 |   116 |    45 |   192 |   680 ||  1090
Block: Buckler           |       |       |    15 |    85 |   236 ||   336
